 Dungeon Crawl Stone Soup version 0.26.0-10-g1f06aea511 (webtiles) character file.

Game seed: 8908162143305278942

3488 Borgoz the Slasher (level 10, 0/99 HPs)
             Began as a Ghoul Gladiator on Jan 15, 2021.
             Was a Priest of Okawaru.
             Slain by an orc warrior
             ... wielding a +0 battleaxe
              (14 damage)
             ... on level 8 of the Dungeon.
             The game lasted 00:12:30 (8313 turns).

Borgoz the Slasher (Ghoul Gladiator)                Turns: 8313, Time: 00:12:30

Health: 0/99       AC: 13    Str: 19    XL:     10   Next: 7%
Magic:  9/9        EV: 14    Int:  3    God:    Okawaru [***...]
Gold:   418        SH:  0    Dex: 13    Spells: 9/9 levels left

rFire    . . .     SeeInvis .   d - +0 scimitar
rCold    + . .     Faith    .   (no shield)
rNeg     + + +     Spirit   .   i - +0 scale mail
rPois    ∞         Reflect  .   r - +2 hat
rElec    .         Harm     .   h - +2 cloak {rPois}
rCorr    .         Rampage  .   g - +0 pair of gloves
Will     .....                  (no boots)
Stlth    ..........             b - amulet of Vitality {Regen+ HP+15}
HPRegen  0.00/turn              (no ring)
MPRegen  0.11/turn              (no ring)

@: no status effects
A: claws 1, cold resistance 1, negative energy resistance 3, inhibited
regeneration, torment resistance, unbreathing
a: Renounce Religion, Heroism


You were on level 8 of the Dungeon.
You worshipped Okawaru.
Okawaru was most pleased with you.
You visited 2 branches of the dungeon, and saw 9 of its levels.

You collected 418 gold pieces.

Inventory:

Hand Weapons
 d - a +0 scimitar (weapon)
 l - the +0 whip "Kupaoh" {freeze, rElec Will+}
   (You found it on level 5 of the Dungeon)

   It has been specially enchanted to freeze those struck by it, causing extra
   injury to most foes and up to half again as much damage against particularly
   susceptible opponents.
   It can also slow down cold-blooded creatures.
   It insulates you from electricity.
   It affects your willpower, your defense against some magical effects.
Armour
 g - a +0 pair of gloves (worn)
 h - a +2 cloak of poison resistance (worn)
 i - a +0 scale mail (worn)
 r - a +2 hat (worn)
Jewellery
 b - the amulet of Vitality (around neck) {Regen+ HP+15}
   (You found it on level 4 of the Dungeon)

   [amulet of regeneration]

   It affects your health (+15).
   It increases your rate of regeneration.
 c - the ring "Viqefos" {+Fly Will+ Dex-5 SInv}
   (You took it off an orc priest on level 7 of the Dungeon)

   [ring of flight]

   It affects your dexterity (-5).
   It affects your willpower, your defense against some magical effects.
   It lets you see invisible.
   It lets you fly.
 t - a +6 ring of intelligence {unknown}
Wands
 p - a wand of paralysis (9)
Scrolls
 e - 3 scrolls of teleportation
 f - 4 scrolls of fear
 k - a scroll of noise {unknown}
 m - a scroll of enchant armour
 s - 3 scrolls of magic mapping
 v - 2 scrolls of identify
Potions
 a - 2 potions of flight {unknown}
 j - 2 potions of invisibility {unknown}
 n - 3 potions of curing
 o - 2 potions of brilliance
 u - a potion of haste {unknown}


   Skills:
 + Level 6.5 Fighting
 * Level 7.9 Long Blades
 - Level 1.8 Throwing
 * Level 5.1 Armour
 * Level 7.8 Dodging
 + Level 1.2 Invocations


You had 9 spell levels left.
You didn't know any spells.
Your spell library was empty.

Dungeon Overview and Level Annotations

Branches:
Dungeon (8/15)             Temple (1/1) D:5
   Lair: D:8-11

Altars:
Cheibriados
Dithmenos
Elyvilon
Fedhas
Gozag
Hepliaklqana
Kikubaaqudgha
Makhleb
Nemelex Xobeh
Okawaru
Qazlal
Ru
Trog
Uskayaw
Vehumet
Wu Jian
Xom
Yredelemnul
Zin
The Shining One

Shops:
D:6 }


Innate Abilities, Weirdness & Mutations

You thrive by killing the living.
You are immune to poison.
You have sharp fingernails.
Your flesh is cold resistant. (rC+)
You are immune to negative energy. (rN+++)
You do not regenerate when monsters are visible.
You are immune to unholy pain and torment.
You can survive without breathing.


Message History

You closely miss the necrophage.
The necrophage is heavily damaged.
The necrophage hits you. The orc warrior barely misses you.
You riposte.
You hit the orc warrior.
The orc warrior is severely wounded.
You hit the necrophage.
The necrophage is heavily damaged.
The necrophage closely misses you.
You hit the necrophage.
The necrophage is severely damaged.
The necrophage hits you.
The orc warrior hits you with a +0 battleaxe!
* * * LOW HITPOINT WARNING * * *
You hit the necrophage.
The necrophage is severely damaged.
The necrophage barely misses you.
You riposte.
You hit the necrophage but do no damage.
The necrophage is severely damaged.
The orc warrior hits you with a +0 battleaxe!
You die...

####..## #..## #.......
#.....# ##..# #.......
#.....# ##...# #.......
#.....# #..#.# #.......
#....## #.##.# #.......
##....###.##.#####......
###...###..............
###..##.######.......
##@.### #....... #on##
#....... ...## #.......
_..## #....... #..#
##...... ### ##.....
######


You could see an orc warrior and a necrophage.

Vanquished Creatures
  Harold (D:7)
  Joseph (D:7)
  A water moccasin (D:8)
  2 orc warriors
  An ice beast (D:7)
  A phantom (D:4)
  4 ogres
  2 centaurs
  A big kobold (D:6)
  3 bullfrogs
  A scorpion (D:7)
  A water moccasin skeleton (D:6)
  5 killer bees (D:8)
  A howler monkey (D:6)
  A bullfrog zombie (D:6)
  A centaur zombie (D:5)
  A hound (D:8)
  5 orc priests
  5 orc wizards
  2 centaur skeletons
  4 iguanas
  5 worker ants
  A hound zombie (D:7)
  A hound skeleton (D:8)
  A gnoll (D:4)
  9 adders
  A howler monkey skeleton (D:4)
  2 white imps
  An ooze (D:5)
  2 adder skeletons
  A worm (D:2)
  4 leopard geckos
  16 orcs
  3 giant cockroaches
  10 goblins
  9 hobgoblins
  3 jackals
  13 kobolds
  3 quokkas
  2 ball pythons (D:2)
  10 bats
  4 frilled lizards
  6 rats
151 creatures vanquished.

Notes
Turn   | Place    | Note
-------+----------+-------------------------------------------
     0 | D:1      | Borgoz the Ghoul Gladiator began the quest for the Orb.
     0 | D:1      | Reached XP level 1. HP: 17/17 MP: 0/0
   188 | D:1      | Reached XP level 2. HP: 18/25 MP: 1/1
   818 | D:1      | Reached XP level 3. HP: 30/30 MP: 2/2
   820 | D:1      | You fall into a shaft and drop 1 floor!
   885 | D:2      | Found a radiant altar of Vehumet.
  1485 | D:2      | Reached skill level 1 in Armour
  1485 | D:2      | Reached XP level 4. HP: 18/37 MP: 3/3
  1710 | D:2      | Found an ornate altar of the Wu Jian Council.
  1778 | D:2      | Found a sacrificial altar of Ru.
  2602 | D:3      | Reached XP level 5. HP: 44/44 MP: 4/4
  2959 | D:3      | Found a glowing silver altar of Zin.
  2959 | D:3      | Found an ancient bone altar of Kikubaaqudgha.
  3468 | D:4      | Reached XP level 6. HP: 19/51 MP: 5/5
  3836 | D:4      | Found the amulet of Vitality {Regen+ HP+15}
  3987 | D:4      | Found a shimmering altar of Xom.
  4128 | D:4      | Found a snail-covered altar of Cheibriados.
  4134 | D:4      | Noticed a phantom
  4171 | D:4      | Killed a phantom
  4849 | D:5      | Entered Level 5 of the Dungeon
  4916 | D:5      | Got a transparent whip
  4917 | D:5      | Identified the cursed +0 whip "Kupaoh" {freeze, rElec
                  | Will+} (You found it on level 5 of the Dungeon)
  5144 | D:5      | Reached XP level 7. HP: 58/58 MP: 6/6
  5374 | D:5      | Reached skill level 5 in Long Blades
  5546 | D:5      | Found a staircase to the Ecumenical Temple.
  5562 | D:5      | Reached skill level 5 in Dodging
  5600 | Temple   | Entered the Ecumenical Temple
  5830 | Temple   | Became a worshipper of Warmaster Okawaru
  6117 | D:5      | Found a sparkling altar of Nemelex Xobeh.
  6226 | D:6      | Reached XP level 8. HP: 39/66 MP: 7/7
  6543 | D:6      | Reached * piety under Okawaru
  6817 | D:6      | Found a hide-covered altar of Uskayaw.
  6964 | D:6      | Found Elosaa Urghi's Gadget Emporium.
  7047 | D:7      | Noticed Harold
  7060 | D:7      | Killed Harold
  7061 | D:7      | Reached skill level 5 in Fighting
  7061 | D:7      | Reached XP level 9. HP: 47/74 MP: 8/8
  7067 | D:7      | Identified the ring "Viqefos" {+Fly Will+ Dex-5 SInv}
  7081 | D:7      | Reached ** piety under Okawaru
  7529 | D:7      | Noticed Joseph
  7547 | D:7      | Killed Joseph
  7677 | D:7      | Found a stormy altar of Qazlal.
  7917 | D:8      | Reached *** piety under Okawaru
  8085 | D:8      | Reached skill level 5 in Armour
  8085 | D:8      | Reached XP level 10. HP: 46/84 MP: 9/9
  8091 | D:8      | Reached skill level 1 in Invocations
  8215 | D:8      | Found an opulent altar of Gozag.
  8281 | D:8      | Found a burning altar of Makhleb.
  8313 | D:8      | Slain by an orc warrior

Illustrated notes

Levels and vault maps discovered:
D:1:      mrwooster_arrival_statue, layout_loops_ring
D:2:      layout_loops_corners, general_overflow_altar,
          lemuel_coloured_pillars_altar, nicolae_ru_great_annihilating_truth
D:3:      layout_basic, gammafunk_temple_overflow_wave
D:4:      layout_loops_corners, cheibriados_altar_1, tgw_xom, serial_bayou,
          serial_bayou_lake_a, serial_bayou_ford_a, serial_bayou_lagoon_a,
          serial_bayou_pond_c, serial_bayou_crossing, serial_bayou_shore_b
D:5:      layout_loops_ring, minmay_temple_entry_large_hall,
          nemelex_dance_club_becter
D:6:      layout_cave_pools, lemuel_doored_altar, serial_shops,
          kennysheep_mini_moat
D:7:      layout_basic, kennysheep_mini, minivault_23, uniq_harold, uniq_joseph
D:8:      layout_rooms, makhleb_blood_cavern_becter, lemuel_crystal_altar,
          serial_shops, shop, nicolae_gozag_cash_rules_everything_around_me
Temple:   dpeg_chambers_temple

Skill      XL: |  1  2  3  4  5  6  7  8  9 10 |
---------------+-------------------------------+-----
Long Blades    | 3 4 5 6 7 |  7.9
Dodging        | 3 4 5 6 7 |  7.8
Armour         | 1 2 3 4 5 |  5.1
Fighting       | 3 4 5 6 |  6.5
Invocations    | 1 |  1.2
Throwing       | |  1.8

Action                   |  1- 3 |  4- 6 |  7- 9 | 10-12 || total
-------------------------+-------+-------+-------+-------++-------
Melee: Long sword        |   106 |   214 |    39 |       ||   359
       Whip              |       |    79 |   216 |       ||   295
       Scimitar          |       |       |   129 |    47 ||   176
Throw: Throwing net      |     2 |       |     1 |       ||     3
Evoke: Wand              |       |       |     2 |       ||     2
  Use: Scroll            |     4 |    12 |     2 |       ||    18
       Potion            |       |       |     7 |     2 ||     9
 Stab: Held in net/web   |     1 |       |       |       ||     1
       Sleeping          |     1 |       |       |       ||     1
       Paralysed         |       |     1 |     4 |       ||     5
Armor: Leather armour    |    38 |    43 |       |       ||    81
       Ring mail         |       |    46 |     5 |       ||    51
       Scale mail        |       |       |   246 |    21 ||   267
Dodge: Dodged            |    83 |   192 |   394 |    49 ||   718
       Rpst.: Long sword |    33 |    40 |     9 |       ||    82
       Scimitar          |       |       |    27 |    16 ||    43
